TOP OF THE 1ST |
Kansas City Kings batting - Pitching for Vista Panthers : RHP Dale Reese
|
Pitching: RHP Dale Reese
|
|
Batting: LHB Bruno Lalonde
|
0-0: Ball 1-0: Fly out, F3 (Popup, 34)
|
Batting: SHB António De La Cruz
|
0-0: Foul Ball, location: 2F 0-1: Swinging Strike 0-2: Foul Ball, location: 2F 0-2: Foul Ball, location: 2F 0-2: Ball 1-2: Strikes out swinging
|
Batting: RHB Toshimichi Kono
|
0-0: Called Strike 0-1: SOLO HOME RUN (Flyball, 7D), Distance : 419 ft
|
Batting: LHB Pablo Reyes
|
0-0: Called Strike 0-1: Foul Ball, location: 2F 0-2: Strikes out swinging
|
Top of the 1st over - 1 run(s), 1 hit(s), 0 error(s), 0 left on base; Kansas City 1 - Vista 0 |
BOTTOM OF THE 1ST |
Vista Panthers batting - Pitching for Kansas City Kings : LHP Francisco Morales
|
Pitching: LHP Francisco Morales
|
|
Batting: LHB Francisco Marino
|
0-0: Ball 1-0: SINGLE (Groundball, 4S) (infield hit)
|
Batting: RHB Salvador Salas
|
0-0: Foul Ball, location: 2F 0-1: Called Strike 0-2: Ball 1-2: Ball 2-2: Strikes out swinging
|
Batting: RHB John Mendelson
|
0-0: Called Strike 0-1: Ball 1-1: Ball 2-1: Swinging Strike 2-2: Foul Ball, location: 2F 2-2: Strikes out swinging
|
Batting: RHB Roberto Cruz
|
0-0: Called Strike 0-1: Ball Francisco Marino is caught stealing 2nd base
|
Bottom of the 1st over - 0 run(s), 1 hit(s), 0 error(s), 0 left on base; Kansas City 1 - Vista 0 |
TOP OF THE 2ND |
Kansas City Kings batting - Pitching for Vista Panthers : RHP Dale Reese
|
Batting: RHB Chris Chandler
|
0-0: Swinging Strike 0-1: Fly out, F8 (Flyball, 89D)
|
Batting: LHB Brian Boone
|
0-0: Called Strike 0-1: Swinging Strike 0-2: Foul Ball, location: 2F 0-2: Strikes out looking
|
Batting: SHB José Cruz
|
0-0: Swinging Strike 0-1: Foul Ball, location: 2F 0-2: Ball 1-2: Ball 2-2: Strikes out swinging
|
Top of the 2nd over - 0 run(s), 0 hit(s), 0 error(s), 0 left on base; Kansas City 1 - Vista 0 |
BOTTOM OF THE 2ND |
Vista Panthers batting - Pitching for Kansas City Kings : LHP Francisco Morales
|
Batting: RHB Roberto Cruz
|
0-0: Ball 1-0: Swinging Strike 1-1: Swinging Strike 1-2: Fly out, F8 (Flyball, 8LD)
|
Batting: SHB Mark Wells
|
0-0: Fly out, F7 (Flyball, 7LM)
|
Batting: LHB Bob Cunningham
|
0-0: Ball 1-0: Foul Ball, location: 2F 1-1: SINGLE (Line Drive, 9LS)
|
Batting: RHB Phil Matthews
|
0-0: Ball 1-0: Called Strike 1-1: Swinging Strike 1-2: Ball 2-2: Ball 3-2: Reached on error, E5 (Groundball, 5L) Bob Cunningham to second
|
Batting: RHB Justin Burgess
|
0-0: Ball 1-0: Ball 2-0: Called Strike 2-1: DOUBLE (Groundball, 5L) Bob Cunningham scores Phil Matthews to third Runner from 3rd tries for Home, SAFE, no throw
|
Batting: RHB Bonifacio Torres
|
0-0: Ball 1-0: Called Strike 1-1: Ground out U3 (Groundball, 34)
|
Bottom of the 2nd over - 2 run(s), 2 hit(s), 1 error(s), 1 left on base; Kansas City 1 - Vista 2 |
TOP OF THE 3RD |
Kansas City Kings batting - Pitching for Vista Panthers : RHP Dale Reese
|
Batting: RHB Eric Fuller
|
0-0: SINGLE (Groundball, 4D)
|
Batting: RHB Raúl Bruno
|
0-0: Foul Ball, location: 2F 0-1: Fly out, F8 (Line Drive, 8RM)
|
Batting: LHB Bruno Lalonde
|
0-0: Ball 1-0: Called Strike 1-1: Called Strike 1-2: Grounds into double play, 4-6-3 (Groundball, 4)
|
Top of the 3rd over - 0 run(s), 1 hit(s), 0 error(s), 0 left on base; Kansas City 1 - Vista 2 |
BOTTOM OF THE 3RD |
Vista Panthers batting - Pitching for Kansas City Kings : LHP Francisco Morales
|
Batting: LHB Francisco Marino
|
0-0: Ball 1-0: Called Strike 1-1: Ball 2-1: SINGLE (Line Drive, 4MD)
|
Batting: RHB Salvador Salas
|
0-0: Ball 1-0: Fielders Choice at 2nd, 1-6 (Groundball, 13S)
|
Batting: RHB John Mendelson
|
0-0: Called Strike 0-1: Ball 1-1: Ball 2-1: SINGLE (Flyball, 9LS) Salvador Salas to second
|
Batting: RHB Roberto Cruz
|
0-0: Swinging Strike 0-1: Swinging Strike 0-2: Strikes out looking
|
Batting: SHB Mark Wells
|
0-0: Fielders Choice at 2nd, 6-4 (Groundball, 6)
|
Bottom of the 3rd over - 0 run(s), 2 hit(s), 0 error(s), 1 left on base; Kansas City 1 - Vista 2 |
TOP OF THE 4TH |
Kansas City Kings batting - Pitching for Vista Panthers : RHP Dale Reese
|
Batting: SHB António De La Cruz
|
0-0: SINGLE (Groundball, 56D)
|
Batting: RHB Toshimichi Kono
|
0-0: Ball 1-0: Swinging Strike 1-1: Foul Ball, location: 2F 1-2: Ball 2-2: Foul Ball, location: 2F 2-2: Foul Ball, location: 2F 2-2: Strikes out swinging
|
Batting: LHB Pablo Reyes
|
0-0: Ball 1-0: Called Strike 1-1: Foul Ball, location: 2F 1-2: Strikes out looking
|
Batting: RHB Chris Chandler
|
0-0: Called Strike 0-1: Ball 1-1: SINGLE (Groundball, 56D) António De La Cruz to second
|
Batting: LHB Brian Boone
|
0-0: Fly out, F8 (Flyball, 8RD)
|
Top of the 4th over - 0 run(s), 2 hit(s), 0 error(s), 2 left on base; Kansas City 1 - Vista 2 |
BOTTOM OF THE 4TH |
Vista Panthers batting - Pitching for Kansas City Kings : LHP Francisco Morales
|
Batting: LHB Bob Cunningham
|
0-0: Foul Ball, location: 2F 0-1: Ball 1-1: Foul Ball, location: 2F 1-2: Strikes out swinging
|
Batting: RHB Phil Matthews
|
0-0: Ball 1-0: Ground out 6-3 (Groundball, 56)
|
Batting: RHB Justin Burgess
|
0-0: Ball 1-0: Ball 2-0: Ground out 4-3 (Groundball, 4M)
|
Bottom of the 4th over - 0 run(s), 0 hit(s), 0 error(s), 0 left on base; Kansas City 1 - Vista 2 |
TOP OF THE 5TH |
Kansas City Kings batting - Pitching for Vista Panthers : RHP Dale Reese
|
Batting: SHB José Cruz
|
0-0: Foul Ball, location: 2F 0-1: Ground out 4-3 (Groundball, 4S)
|
Batting: RHB Eric Fuller
|
0-0: SINGLE (Groundball, 56D)
|
Batting: RHB Raúl Bruno
|
0-0: Foul Ball, location: 2F 0-1: Ground out 4-3 (Groundball, 34) Eric Fuller to second
|
Batting: LHB Bruno Lalonde
|
0-0: Ground out 5-3 (Groundball, 56)
|
Top of the 5th over - 0 run(s), 1 hit(s), 0 error(s), 1 left on base; Kansas City 1 - Vista 2 |
BOTTOM OF THE 5TH |
Vista Panthers batting - Pitching for Kansas City Kings : LHP Francisco Morales
|
Batting: RHB Bonifacio Torres
|
0-0: Ball 1-0: Ground out 5-3 (Groundball, 56)
|
Batting: LHB Francisco Marino
|
0-0: Foul Ball, location: 2F 0-1: Ground out 1-3 (Groundball, P)
|
Batting: RHB Salvador Salas
|
0-0: Ball 1-0: Ball 2-0: Called Strike 2-1: Ball 3-1: SINGLE (Groundball, 34D)
|
Batting: RHB John Mendelson
|
0-0: Called Strike 0-1: Ball 1-1: Reached on error, E6 (Groundball, 56) Salvador Salas to second
|
Batting: RHB Roberto Cruz
|
0-0: Called Strike 0-1: Fielders Choice at 2nd, 6-4 (Groundball, 6)
|
Bottom of the 5th over - 0 run(s), 1 hit(s), 1 error(s), 1 left on base; Kansas City 1 - Vista 2 |
TOP OF THE 6TH |
Kansas City Kings batting - Pitching for Vista Panthers : RHP Dale Reese
|
Batting: SHB António De La Cruz
|
0-0: Swinging Strike 0-1: Ball 1-1: Ball 2-1: Swinging Strike 2-2: Foul Ball, location: 2F 2-2: Ground out 3-1 (Groundball, 34)
|
Batting: RHB Toshimichi Kono
|
0-0: Ground out 1-3 (Groundball, 15)
|
Batting: LHB Pablo Reyes
|
0-0: Ball 1-0: Foul Ball, location: 2F 1-1: Fly out, F9 (Flyball, 9LMF)
|
Top of the 6th over - 0 run(s), 0 hit(s), 0 error(s), 0 left on base; Kansas City 1 - Vista 2 |
BOTTOM OF THE 6TH |
Vista Panthers batting - Pitching for Kansas City Kings : LHP Francisco Morales
|
Batting: SHB Mark Wells
|
0-0: Called Strike 0-1: Called Strike 0-2: Ball 1-2: Ground out 5-3 (Groundball, 56)
|
Batting: LHB Bob Cunningham
|
0-0: Called Strike 0-1: SINGLE (Line Drive, 8RS)
|
Batting: RHB Phil Matthews
|
0-0: Swinging Strike 0-1: Ball 1-1: Ball 2-1: Grounds into double play, 6-4-3 (Groundball, 6)
|
Bottom of the 6th over - 0 run(s), 1 hit(s), 0 error(s), 0 left on base; Kansas City 1 - Vista 2 |
TOP OF THE 7TH |
Kansas City Kings batting - Pitching for Vista Panthers : RHP Dale Reese
|
Batting: RHB Chris Chandler
|
0-0: Ball 1-0: Ball 2-0: Foul Ball, location: 2F 2-1: Fly out, F3 (Flyball, 34D)
|
Batting: LHB Brian Boone
|
0-0: Ball 1-0: Foul Ball, location: 2F 1-1: Ball 2-1: Ball 3-1: Foul Ball, location: 2F 3-2: SINGLE (Groundball, 6) (infield hit)
|
Batting: SHB José Cruz
|
0-0: Foul Ball, location: 2F Pickoff Throw to First - Error! E1 Brian Boone to second 0-1: Swinging Strike 0-2: Strikes out swinging
|
Pinch Hitting: LHB Ray Spencer
|
0-0: Ball 1-0: Foul Ball, location: 2F 1-1: Ground out 4-3 (Groundball, 4)
|
Top of the 7th over - 0 run(s), 1 hit(s), 1 error(s), 1 left on base; Kansas City 1 - Vista 2 |
BOTTOM OF THE 7TH |
Vista Panthers batting - Pitching for Kansas City Kings : LHP Francisco Morales
|
Now at 3B: Keitaro Suzuki
|
|
Batting: RHB Justin Burgess
|
0-0: Called Strike 0-1: Ground out U3 (Groundball, 34)
|
Batting: RHB Bonifacio Torres
|
0-0: Ball 1-0: Ball 2-0: SINGLE (Groundball, 6MD)
|
Pinch Hitting: RHB Griswold Coleman
|
0-0: Ball 1-0: Foul Ball, location: 2F 1-1: Swinging Strike 1-2: Ground out 5-3 (Groundball, 5S) Bonifacio Torres to second
|
Batting: RHB Salvador Salas
|
0-0: Ball 1-0: Foul Ball, location: 2F 1-1: Swinging Strike 1-2: Foul Ball, location: 2F 1-2: Fly out, F9 (Flyball, 9D)
|
Bottom of the 7th over - 0 run(s), 1 hit(s), 0 error(s), 1 left on base; Kansas City 1 - Vista 2 |
TOP OF THE 8TH |
Kansas City Kings batting - Pitching for Vista Panthers : RHP Dale Reese
|
Now at 2B: Griswold Coleman
|
|
Batting: RHB Raúl Bruno
|
0-0: Ground out 4-3 (Groundball, 4)
|
Batting: LHB Bruno Lalonde
|
0-0: Ball 1-0: Ball 2-0: Called Strike 2-1: Fly out, F7 (Flyball, 78M)
|
Batting: SHB António De La Cruz
|
0-0: Called Strike 0-1: Ball 1-1: Ball 2-1: Ball 3-1: Base on Balls
|
Batting: RHB Toshimichi Kono
|
0-0: Ball 1-0: Called Strike 1-1: Ball 2-1: Foul Ball, location: 2F 2-2: Foul Ball, location: 2F 2-2: Fielders Choice at 2nd, 6-4 (Groundball, 56)
|
Top of the 8th over - 0 run(s), 0 hit(s), 0 error(s), 0 left on base; Kansas City 1 - Vista 2 |
BOTTOM OF THE 8TH |
Vista Panthers batting - Pitching for Kansas City Kings : LHP Francisco Morales
|
Batting: RHB John Mendelson
|
0-0: Called Strike 0-1: Fly out, F3 (Popup, 3L)
|
Batting: RHB Roberto Cruz
|
0-0: Called Strike 0-1: Foul Ball, location: 2F 0-2: Ball 1-2: Ball 2-2: Ball 3-2: Base on Balls
|
Batting: SHB Mark Wells
|
0-0: Ball 1-0: Foul Ball, location: 2F 1-1: Foul Ball, location: 2F 1-2: Fly out, F8 (Flyball, 78M)
|
Batting: LHB Bob Cunningham
|
0-0: Ground out 3-1 (Groundball, 34S)
|
Bottom of the 8th over - 0 run(s), 0 hit(s), 0 error(s), 1 left on base; Kansas City 1 - Vista 2 |
TOP OF THE 9TH |
Kansas City Kings batting - Pitching for Vista Panthers : RHP Dale Reese
|
Pitching: RHP David Simpson
|
|
Batting: LHB Pablo Reyes
|
0-0: Ball 1-0: Ball 2-0: Foul Ball, location: 2F 2-1: Ground out 3-1 (Groundball, 34)
|
Batting: RHB Chris Chandler
|
0-0: Ball 1-0: SINGLE (Groundball, 15S) (infield hit)
|
Batting: LHB Brian Boone
|
0-0: Foul Ball, location: 2F 0-1: Foul Ball, location: 2F 0-2: Ball 1-2: Reached on error, E6 (Flyball, 6MD) Chris Chandler to second
|
Batting: SHB José Cruz
|
0-0: Called Strike 0-1: Called Strike 0-2: Ball 1-2: Foul Ball, location: 2F 1-2: Ball 2-2: Ball 3-2: Strikes out looking
|
Batting: RHB Keitaro Suzuki
|
0-0: Ball 1-0: Called Strike 1-1: Ball 2-1: Ball 3-1: Called Strike 3-2: Strikes out swinging
|
Top of the 9th over - 0 run(s), 1 hit(s), 1 error(s), 2 left on base; Kansas City 1 - Vista 2 |
|